 Dungeon Crawl Stone Soup version 0.29.0-15-g675c0067aa (webtiles) character file.

Game seed: 6085757477322047345

30 ExZ the Trooper (level 3, 0/33 HPs)
             Began as a Minotaur Fighter on Sept 11, 2022.
             Slain by a gnoll
             ... wielding a +0 whip
              (1 damage)
             ... on level 1 of the Dungeon.
             The game lasted 00:01:29 (1230 turns).

ExZ the Trooper (Minotaur Fighter)                  Turns: 1230, Time: 00:01:30

Health: 0/33       AC:  7    Str: 22    XL:     3   Next: 5%
Magic:  2/2        EV:  9    Int:  5    God:
Gold:   25         SH:  4    Dex:  9    Spells: 2/2 levels left

rFire   . . .      SeeInvis .   a - +0 long sword
rCold   . . .      Faith    .   c - +0 buckler
rNeg    . . .      Spirit   .   b - +0 scale mail
rPois   .          Reflect  .   (helmet restricted)
rElec   .          Harm     .   (no cloak)
rCorr   .          Rampage  .   (no gloves)
Will    .....                   (no boots)
Stlth   ..........              (no amulet)
HPRegen 0.11/turn               (no ring)
MPRegen 0.08/turn               (no ring)

@: mighty
A: horns 2, retaliatory headbutt
a: no special abilities


You were on level 1 of the Dungeon.
You visited 1 branch of the dungeon, and saw 2 of its levels.

You collected 25 gold pieces.

Inventory:

Hand Weapons
 a - a +0 long sword (weapon)
Armour
 b - a +0 scale mail (worn)
 c - a +0 buckler (worn)
Jewellery
 h - an amulet of reflection
Scrolls
 e - a scroll of amnesia {unknown}
 f - 3 scrolls of butterflies {unknown}
 g - 2 scrolls of identify {unknown}
 i - 2 scrolls of teleportation {unknown}
 j - a scroll of vulnerability {unknown}
 k - a scroll of magic mapping {unknown}
 m - a scroll of noise {unknown}
 n - a scroll of blinking {unknown}
Potions
 l - a potion of brilliance {unknown}


   Skills:
 * Level 4.3 Fighting
 + Level 2.9 Long Blades
 + Level 3.9 Armour
 + Level 4.0 Shields


You had 2 spell levels left.
You didn't know any spells.
Your spell library contained the following spells:

 Spells                   Type           Power      Damage    Failure   Level
 Call Canine Familiar     Summ           0%         N/A       99%         3
 Portal Projectile        Hex/Tloc       0%         N/A       99%         3
 Leda's Liquefaction      Hex/Erth       0%         N/A       100%        4


Dungeon Overview and Level Annotations

Branches:
Dungeon (2/15)

Altars:

Shops:
D:1 [


Innate Abilities, Weirdness & Mutations

You have a pair of horns on your head.
You reflexively headbutt those who attack you in melee.


Message History

The gnoll hits the plant with a +0 club.
The gnoll hits the plant with a +0 spear of venom.
The plant begins to die.
The plant is poisoned.
You feel sick.
The giant cockroach bites the plant.
The gnoll hits the plant with a +0 spear of venom.
The plant looks as sick as possible!
The gnoll hits the plant with a +0 club.
The gnoll attacks as you move away! The gnoll hits you with a +0 whip.
You feel sick.
The giant cockroach bites the plant.
The gnoll hits the plant with a +0 club!
You feel sick.
A nearby plant withers and dies.
You feel sick.
A nearby plant withers and dies.
You feel sick.
You are no longer poisoned.
A nearby plant withers and dies.
The gnoll attacks as you move away! The gnoll barely misses you.
The gnoll attacks as you move away! The gnoll barely misses you.
The gnoll attacks as you move away! The gnoll hits you with a +0 whip.
The gnoll attacks as you move away! The gnoll barely misses you.
Unknown command.
You block the gnoll's attack.
The gnoll throws a throwing net.
The throwing net barely misses you.
You see here a throwing net.
There is a stone staircase leading up here.
Unknown command.
The gnoll hits you with a +0 whip.
* * * LOW HITPOINT WARNING * * *
You climb upwards.
There is a stone staircase leading down here.
Unknown command.
Unknown command.
You feel very mighty all of a sudden. The gnoll hits you with a +0 whip!
* * * LOW HITPOINT WARNING * * *
You are too injured to fight recklessly!
Unknown command.
You closely miss the gnoll. You headbutt the gnoll!
The gnoll is almost dead.
The gnoll hits you with a +0 whip.
You die...

......##........##.####### #.
###...##........##.......# #.
#.+†.............#######.# #####.
#.#...##.........#.....#.# #...#.
#.#...##.........#.###.#.###.#.#.
#.#...##.........#.#.....#.#.#.#.
#.#...##.........#.#.#.###.#.#.#.
#.....>#.........#.#.÷...#.#.#.#.
######.#........@#.#.....#.#.#.#.
..####.#.......#g#.#.....#.....#.
....##......######.#.....#####.#.
...########.##.....#...........#.
....# #.##.#####....########.
⌠...# #.##.#.###.........####
...<# #.##.#........####.#...
⌠...# #.##.#......#.# #.#.##
....# #.............# #.#...


You could see a gnoll.

Vanquished Creatures
  A dart slug (D:1)
  3 bats (D:1)
  4 endoplasms (D:1)
  A giant cockroach (D:1)
  2 goblins (D:1)
  2 hobgoblins (D:1)
  3 jackals (D:1)
  3 quokkas (D:1)
  2 frilled lizards (D:1)
  A kobold (D:1)
  3 rats (D:1)
25 creatures vanquished.

Vanquished Creatures (others)
  3 plants (D:2)
3 creatures vanquished.

Grand Total: 28 creatures vanquished

Notes
Turn   | Place    | Note
-------+----------+-------------------------------------------
     0 | D:1      | ExZ the Minotaur Fighter began the quest for the Orb.
     0 | D:1      | Reached XP level 1. HP: 19/19 MP: 0/0
   186 | D:1      | Found Wochatud's Armour Shop.
   250 | D:1      | Reached XP level 2. HP: 26/27 MP: 1/1
   747 | D:1      | Reached XP level 3. HP: 19/33 MP: 2/2
  1229 | D:1      | HP: 1/33 [gnoll/+0 whip (8)]
  1230 | D:1      | Slain by a gnoll

Illustrated notes

Levels and vault maps discovered:
D:1:      dpeg_arrival_stone_temple_mockup, layout_basic, serial_shops,
          nicolae_shop_window_shopping
D:2:      layout_basic, basic_ecumenical_altar, nicolae_grassy_gnolls

Skill      XL: |  1  2 |
---------------+-------+-----
Fighting       | 4 |  4.3
Shields        | 4 |  4.0
Long Blades    | |  2.9
Armour         | |  3.9

Action                   || total
-------------------------++-------
Melee: Long sword        ||    60
       Headbutt          ||     5
  Use: Potion            ||     1
Armor: Scale mail        ||    24
Dodge: Dodged            ||    36
Block: Buckler           ||    15
